 Dungeon Crawl Stone Soup version 0.28.0-62-gf88900778d (webtiles) character file.

Game seed: 7733965626020361143

7091 cbfl8 the Cleaver (level 11, -3/83 (92) HPs)
             Began as a Hill Orc Fighter on May 1, 2023.
             Was a Follower of Beogh.
             Killed from afar by Josephine (16 damage)
             ... with a ghostly fireball
             ... on level 11 of the Dungeon.
             The game lasted 00:12:46 (11958 turns).

cbfl8 the Cleaver (Hill Orc Fighter)               Turns: 11958, Time: 00:12:46

HP:   -3/83 (92)    AC: 16    Str: 20    XL:     11   Next: 9%
MP:   17/17         EV: 11    Int:  8    God:    Beogh [*.....]
Gold: 339           SH: 11    Dex: 20    Spells: 10/10 levels left

rFire   . . .      SeeInvis .   a - +0 war axe
rCold   . . .      Faith    .   c - +0 buckler
rNeg    . . .      Spirit   .   L - +0 plate armour
rPois   .          Reflect  +   (helmet restricted)
rElec   .          Harm     .   f - scarf {+Inv}
rCorr   .          Rampage  .   l - +0 pair of gloves
Will    .....                   (no boots)
Stlth   ..........              g - amulet of reflection
HPRegen 0.23/turn               o - +4 ring of evasion
MPRegen 0.15/turn               K - +6 ring of dexterity

@: mighty, slowed, drained, very slow
A: horns 1, iridescent scales 1, wild magic 1
a: Renounce Religion, Evoke Invisibility


You were on level 11 of the Dungeon.
You worshipped Beogh.
Beogh was aware of your devotion.
You visited 1 branch of the dungeon, and saw 11 of its levels.

You collected 533 gold pieces.
You spent 194 gold pieces at shops.

Inventory:

Hand Weapons
 a - a +0 war axe (weapon)
Missiles
 b - 2 throwing nets
Armour
 c - a +0 buckler (worn)
 f - a scarf of invisibility (worn)
 i - a +0 cloak
 l - a +0 pair of gloves (worn)
 L - a +0 plate armour (worn)
Jewellery
 g - an amulet of reflection (around neck)
 o - a +4 ring of evasion (left hand)
 t - a ring of poison resistance
 w - a ring of flight
 K - a +6 ring of dexterity (right hand)
Wands
 p - a wand of flame (17)
 B - a wand of digging (4)
 D - a wand of polymorph (9)
 E - a wand of mindburst (20)
 G - a wand of iceblast (1)
 H - a wand of acid (7)
Scrolls
 d - a scroll of silence {unknown}
 e - a scroll of amnesia {unknown}
 j - 4 scrolls of noise
 k - 3 scrolls of identify {unknown}
 n - 2 scrolls of teleportation
 s - 2 scrolls of blinking {unknown}
 x - a scroll of summoning {unknown}
 y - 2 scrolls of magic mapping {unknown}
 C - a scroll of fear {unknown}
 M - a scroll of enchant weapon {unknown}
Potions
 h - 2 potions of brilliance {unknown}
 m - a potion of berserk rage {unknown}
 q - 3 potions of magic
 r - a potion of resistance {unknown}
 u - a potion of invisibility
 v - a potion of curing
 A - 2 potions of mutation
 J - a potion of haste {unknown}


   Skills:
 + Level 7.4 Fighting
 + Level 11.7 Axes
 + Level 7.1 Armour
 + Level 2.9 Dodging
 + Level 3.8 Stealth
 + Level 6.4 Shields
 * Level 8.1 Invocations
 * Level 6.2 Evocations


You had 10 spell levels left.
You didn't know any spells.
Your spell library contained the following spells:

 Spells                   Type           Power      Damage    Failure   Level
 Foxfire                  Conj/Fire      0%         2x1d4     100%        1
 Sandblast                Erth           0%         2d4       100%        1
 Shock                    Conj/Air       0%         1d3       100%        1
 Blink                    Tloc           0%         N/A       100%        2
 Passwall                 Tmut/Erth      0%         N/A       100%        2
 Call Canine Familiar     Summ           0%         N/A       100%        3
 Confusing Touch          Hex            0%         N/A       100%        3
 Conjure Flame            Conj/Fire      0%         6-21      100%        3
 Gell's Gravitas          Tloc           0%         N/A       100%        3
 Inner Flame              Hex/Fire       0%         N/A       100%        3
 Lesser Beckoning         Tloc           0%         N/A       100%        3
 Portal Projectile        Hex/Tloc       0%         N/A       100%        3
 Stone Arrow              Conj/Erth      0%         3d7       100%        3
 Swiftness                Air            0%         N/A       100%        3
 Teleport Other           Tloc           0%         N/A       100%        3
 Airstrike                Air            0%         N/A       100%        4
 Flame Wave               Conj/Fire      0%         2d4       100%        4
 Leda's Liquefaction      Hex/Erth       0%         N/A       100%        4
 Summon Lightning Spire   Summ/Air       0%         N/A       100%        4
 Lightning Bolt           Conj/Air       0%         1d11      100%        5
 Manifold Assault         Tloc           0%         N/A       100%        5
 Yara's Violent Unravell  Hex/Tmut       0%         3d3       100%        5
 Enfeeble                 Hex            0%         N/A       100%        7


Dungeon Overview and Level Annotations

Branches:
Dungeon (11/15)            Temple (0/1) D:4
   Lair: D:8-11         Orc: D:9-12

Altars:
Gozag
Makhleb
Xom
The Shining One

Shops:
D:7 *   D:8 !**=

Annotations:
D:2 1 runed translucent door, Crazy Yiuf
D:11 Josephine


Innate Abilities, Weirdness & Mutations

You have a pair of small horns on your head.
You are partially covered in iridescent scales. (AC +2)
Your spells are a little harder to cast, but a little more powerful.


Message History

Beogh accepts your kill.
You barely miss the wraith. You block the wraith's attack.
Josephine hits you but does no damage. The wraith closely misses you.
Your life force feels restored.
You slash Josephine!
Josephine is heavily wounded.
You slash the wraith!
You destroy the wraith!
Beogh accepts your kill.
You slash the wraith! You block Josephine's attack. The wraith hits you.
The wraith closely misses you. Josephine casts a spell at you.
The ghostly flame explodes!
The ghostly fireball engulfs you!!
You feel drained.
* * * LOW HITPOINT WARNING * * *
The ghostly fireball engulfs the wraith.
The wraith completely resists.
The ghostly fireball engulfs Josephine.
Josephine completely resists.
Your life force feels restored.
You slice Josephine!! You headbutt Josephine!
Josephine is almost dead.
You hit the wraith.
Josephine gestures at you while chanting.
The ghostly flame explodes!
The ghostly fireball engulfs you!
You feel drained.
* * * LOW HITPOINT WARNING * * *
The ghostly fireball engulfs the wraith.
The wraith completely resists.
The ghostly fireball engulfs Josephine.
Josephine completely resists.
The wraith hits you but does no damage.
You feel much better.
Josephine points at you and mumbles some strange words.
The ghostly flame explodes!
The ghostly fireball engulfs you!
You feel drained.
* * * LOW HITPOINT WARNING * * *
The ghostly fireball engulfs the wraith.
The wraith completely resists.
The ghostly fireball engulfs Josephine.
Josephine completely resists.
You block the wraith's attack. The wraith hits you but does no damage.
Josephine closely misses you.
You feel better.
Josephine gestures at you while chanting.
The ghostly flame explodes!
The ghostly fireball engulfs you!
You feel drained.
You die...

########################
................@.......
......###...###W@.......
..................#.....
........................
...........#############
#....####..#
...........#
...........#
.........###


You could see Josephine and a wraith.

Vanquished Creatures
  Harold (D:7)
  A boulder beetle (D:11)
  Pikel (D:9)
  Grinder (D:5)
  Sigmund (D:5)
  3 wraiths (D:11)
  4 yaks (D:8)
  A steam dragon (D:9)
  2 water moccasins
  An ice beast (D:5)
  4 orc warriors
  3 sky beasts
  A necrophage (D:6)
  2 ogres (D:5)
  A centaur (D:8)
  4 lemures (D:9)
  3 kobold brigands
  2 bullfrogs
  2 scorpions (D:5)
  Blork the orc (D:5)
  A wyvern skeleton (D:5)
  5 wights (D:6)
  8 howler monkeys
  3 electric eels (D:8)
  A bullfrog zombie (D:5)
  6 centaur zombies
  A jelly (D:6)
  4 orc priests
  6 hounds
  5 iguanas
  Ijyb (D:5)
  7 orc wizards
  2 killer bee zombies
  A hound skeleton (D:4)
  A howler monkey zombie (D:8)
  4 gnolls (D:6)
  4 adders
  A shadow imp (D:6)
  2 white imps
  2 ufetubi
  An adder skeleton (D:4)
  A worm (D:2)
  A dart slug (D:5)
  29 orcs
  2 bats (D:2)
  5 endoplasms
  5 giant cockroaches
  4 goblins
  3 hobgoblins
  21 kobolds
  3 quokkas
  7 ball pythons
  3 frilled lizards
  3 rats
192 creatures vanquished.

Vanquished Creatures (others)
  An orc priest (D:7)
  An orc wizard (D:5)
  An orc (D:7)
  4 plants (D:8)
7 creatures vanquished.

Grand Total: 199 creatures vanquished

Notes
Turn   | Place    | Note
-------+----------+-------------------------------------------
     0 | D:1      | cbfl8 the Hill Orc Fighter began the quest for the Orb.
     0 | D:1      | Reached XP level 1. HP: 19/19 MP: 1/1
   488 | D:1      | Reached XP level 2. HP: 18/27 MP: 2/2
   856 | D:2      | Reached skill level 3 in Axes
  1044 | D:2      | Reached XP level 3. HP: 33/33 MP: 3/3
  1146 | D:2      | Found a faded altar of an unknown god.
  1242 | D:2      | Found a burning altar of Makhleb.
  1485 | D:2      | Found a runed translucent door.
  1486 | D:2      | Noticed Crazy Yiuf
  1987 | D:3      | Reached skill level 1 in Invocations
  1987 | D:3      | Reached XP level 4. HP: 40/40 MP: 4/4
  2536 | D:4      | Found a glowing golden altar of the Shining One.
  2542 | D:4      | Found a staircase to the Ecumenical Temple.
  2550 | D:4      | Reached skill level 4 in Axes
  2550 | D:4      | Reached skill level 1 in Evocations
  2591 | D:4      | Reached XP level 5. HP: 45/46 MP: 4/6
  2875 | D:4      | Found a shimmering altar of Xom.
  3162 | D:5      | Entered Level 5 of the Dungeon
  3177 | D:5      | Noticed Grinder
  3188 | D:5      | Killed Grinder
  3189 | D:5      | Reached skill level 5 in Axes
  3189 | D:5      | Reached XP level 6. HP: 30/53 MP: 6/8
  3440 | D:5      | Reached XP level 7. HP: 55/60 MP: 9/9
  3486 | D:5      | Reached skill level 6 in Axes
  3486 | D:5      | Noticed Sigmund
  3958 | D:5      | Reached skill level 5 in Fighting
  3959 | D:5      | Reached skill level 7 in Axes
  4349 | D:5      | Reached skill level 1 in Dodging
  4349 | D:5      | Reached XP level 8. HP: 31/68 MP: 10/10
  4650 | D:5      | Killed Sigmund
  4861 | D:5      | Reached skill level 5 in Armour
  4921 | D:5      | Found an opulent altar of Gozag.
  4924 | D:5      | Noticed Ijyb
  4924 | D:5      | Paralysed by Ijyb for 2 turns
  4929 | D:5      | Paralysed by Ijyb for 7 turns
  4944 | D:5      | Killed Ijyb
  5055 | D:5      | Noticed Blork the orc
  5067 | D:5      | Killed Blork the orc
  5380 | D:6      | Reached skill level 8 in Axes
  6153 | D:6      | Reached XP level 9. HP: 40/70 MP: 12/12
  6222 | D:7      | Noticed Harold
  6246 | D:6      | Reached skill level 5 in Invocations
  6405 | D:6      | Gained mutation: You are occasionally teleported next to
                  | monsters. [potion of mutation]
  6405 | D:6      | Gained mutation: You have large cloven feet. [potion of
                  | mutation]
  6419 | D:6      | HP: 1/73 [orc warrior/+0 war axe (19)]
  7157 | D:6      | Lost mutation: You are occasionally teleported next to
                  | monsters. [potion of mutation]
  7157 | D:6      | Lost mutation: You have large cloven feet. [potion of
                  | mutation]
  7157 | D:6      | Gained mutation: You are partially covered in iridescent
                  | scales. (AC +2) [potion of mutation]
  7157 | D:6      | Gained mutation: You have a pair of small horns on your
                  | head. [potion of mutation]
  7157 | D:6      | Gained mutation: Your spells are a little harder to cast,
                  | but a little more powerful. [potion of mutation]
  7270 | D:6      | You fall into a shaft and drop 2 floors!
  7270 | D:8      | Found Enag's Jewellery Boutique.
  7281 | D:8      | Reached skill level 5 in Shields
  7413 | D:6      | Reached skill level 9 in Axes
  7720 | D:7      | Found Jagu's General Store.
  7755 | D:7      | Became a worshipper of Beogh the Brigand
  7772 | D:7      | HP: 3/75 [asphyx]
  8319 | D:7      | Killed Harold
  8320 | D:7      | Reached skill level 5 in Evocations
  8676 | D:8      | Found Pyorue's Assorted Antiques.
  8686 | D:8      | Reached XP level 10. HP: 84/84 MP: 14/14
  8692 | D:8      | Bought a scroll of teleportation for 81 gold pieces
  9047 | D:8      | Found Luggoacvei's Distillery.
  9135 | D:8      | Found Jigukear's General Store.
  9279 | D:8      | Bought a scroll of teleportation for 33 gold pieces
  9326 | D:8      | Bought a potion of heal wounds for 80 gold pieces
  9411 | D:8      | Reached skill level 10 in Axes
 10236 | D:8      | Found Pobb's General Store.
 10537 | D:8      | Reached * piety under Beogh
 10852 | D:9      | Noticed Pikel
 10868 | D:9      | Killed Pikel
 11137 | D:9      | Reached skill level 11 in Axes
 11562 | D:10     | Entered Level 10 of the Dungeon
 11575 | D:10     | Noticed a fire dragon
 11725 | D:10     | Noticed a kobold demonologist
 11898 | D:11     | Noticed a boulder beetle
 11912 | D:11     | Killed a boulder beetle
 11913 | D:11     | Reached XP level 11. HP: 92/92 MP: 15/17
 11945 | D:11     | Noticed Josephine
 11956 | D:11     | HP: 1/89 [Josephine/ghostly fireball (12)]
 11958 | D:11     | Killed from afar by Josephine

Illustrated notes

Levels and vault maps discovered:
D:1:      mrwooster_arrival_statue_2, layout_loops_ring
D:2:      layout_loops_ring, hellmonk_ecumenical_altar_slurped_away,
          serial_rivers, chequers_serial_rivers_micro_a,
          chequers_serial_rivers_micro_b, chequers_serial_rivers_micro_b,
          chequers_serial_rivers_micro_b, chequers_serial_rivers_micro_c,
          basic_altar, uniq_crazy_yiuf_cottage
D:3:      layout_basic, feat_on_display
D:4:      layout_loops_cross, mainiacjoe_overflow_tiny_flanked,
          mainiacjoe_overflow_alcove_2, minmay_temple_entry_sparse_star
D:5:      layout_basic, grunt_gozag_statues, uniq_ijyb, uniq_sigmund,
          uniq_blork_the_orc, uniq_grinder
D:6:      layout_basic
D:7:      layout_cave_pools, serial_shops, nicolae_shop_crystal, uniq_harold
D:8:      layout_cave_pods, serial_shops, nicolae_shop_stone, shop, shop, shop,
          nicolae_shop_waterfront, serial_bayou_pond_c, minmay_door_square
D:9:      layout_gridville, kennysheep_nondescript, amcnicky_mini_pool_small,
          kennysheep_generic_room_10, uniq_pikel
D:10:     lemuel_ice_statue, layout_cross, mainiacjoe_overflow_catwalk,
          minmay_lair_entry_lava, minmay_fractal_squares_5, uniq_snorg,
          uniq_urug
D:11:     layout_stronghold, uniq_josephine, uniq_nergalle, uniq_erica

Skill      XL: |  1  2  3  4  5  6  7  8  9 10 |
---------------+-------------------------------+-----
Fighting       | 4 5 6 7 |  7.4
Axes           | 3 4 5 7 8 9 11 | 11.7
Invocations    | 1 2 3 4 6 8 |  8.1
Evocations     | 1 2 3 5 6 |  6.2
Armour         | 4 5 6 7 |  7.1
Shields        | 4 5 6 |  6.4
Dodging        | 1 2 |  2.9
Stealth        | 2 3 |  3.8

Action                   |  1- 3 |  4- 6 |  7- 9 | 10-12 || total
-------------------------+-------+-------+-------+-------++-------
Melee: War axe           |    88 |    69 |   362 |   213 ||   732
       Headbutt          |       |       |    24 |    43 ||    67
       Kick              |       |       |     4 |       ||     4
Invok: Convert to Beogh  |       |       |     1 |       ||     1
Evoke: Wand              |       |       |     3 |    14 ||    17
  Use: Scroll            |       |     1 |     5 |     1 ||     7
       Potion            |       |     1 |     9 |     3 ||    13
 Stab: Paralysed         |       |       |    13 |     9 ||    22
Armor: Scale mail        |    34 |    22 |   104 |       ||   160
       Chain mail        |       |       |     1 |    79 ||    80
       Plate armour      |       |       |       |    31 ||    31
Dodge: Dodged            |    35 |    45 |   212 |   105 ||   397
Block: Buckler           |    44 |    34 |   174 |   144 ||   396
       Reflection        |     1 |     1 |     8 |     8 ||    18
